 Dungeon Sprint DCSS version bcrawl-1.26.1 (webtiles) character file.

Game seed: 14696745030567392718

1142070 Freyura the Cruncher (level 8, -3/70 HPs)
             Began as a Demonspawn Gladiator on July 11, 2020.
             Was a Follower of Ru.
             Slain by a tarantella (8 damage)
             ... in the Dungeon (Sprint V: "Ziggurat Sprint").
             The game lasted 00:07:01 (308 turns).

Freyura the Cruncher (Demonspawn Gladiator)          Turns: 308, Time: 00:07:02

Health: -3/70      AC: 25    Str: 27    XL:     8   Next: 40%
Magic:  8/8        EV:  9    Int: 10    God:    Ru [*.....]
Gold:   0          SH:  0    Dex: 16    Spells: 7/7 levels left

rFire    + . .     SeeInvis .   I - +5 lajatang
rCold    + . .     Gourm    .   (shield currently unavailable)
rNeg     . . .     Faith    .   H - +5 gold dragon scales
rPois    +         Spirit   .   c - +0 helmet
rElec    .         Reflect  .   (no cloak)
rCorr    .         Harm     .   (no gloves)
MR       .....     NoTele   +   (no boots)
Stlth    ..........             (no amulet)
HPRegen  0.21/turn              B - +6 ring of strength
MPRegen  0.11/turn              C - +6 ring of strength

@: confused
A: icy blue scales 2, powered by death 2, powered by pain 1, no hexes magic, no
poison magic, no summoning magic
a: Renounce Religion


You were in the Dungeon.
You worshipped Ru.
Ru was aware of your devotion.
You were not hungry.

You visited 1 branch

Inventory:

Hand Weapons
 I - a +5 lajatang (weapon)
Missiles
 d - 3 throwing nets {=f}
Armour
 b - the +3 warlock's mirror {reflect}
   (You found it in the Dungeon)
 c - a +0 helmet (worn)
 H - +5 gold dragon scales (worn)
Jewellery
 a - an uncursed ring of protection from fire
 w - an uncursed ring of flight
 x - a +6 ring of dexterity
 y - a +6 ring of dexterity
 z - a +6 ring of intelligence
 A - a +6 ring of intelligence
 B - a +6 ring of strength (left hand)
 C - a +6 ring of strength (right hand)
Wands
 E - a wand of disintegration (5)
 F - a wand of iceblast (5)
 G - a wand of acid (6)
Scrolls
 k - 4 scrolls of blinking
 r - 4 scrolls of amnesia
 s - 7 scrolls of fog
 t - 5 scrolls of identify
 u - 5 scrolls of remove curse
 v - 2 scrolls of fear
Potions
 f - 10 potions of curing
 g - 10 potions of heal wounds
 h - 6 potions of haste
 i - 7 potions of magic
 j - 3 potions of berserk rage
 l - 2 potions of brilliance
 m - 2 potions of invisibility
 n - 4 potions of resistance
 p - 5 potions of agility
 q - 5 potions of might
Miscellaneous
 o - a lamp of fire
 D - a lightning rod (4/4)
Comestibles
 e - 7 rations {!d}


   Skills:
 + Level 8.8 Fighting
 * Level 11.2 Staves
 - Level 1.7 Throwing
 + Level 7.7 Armour
 + Level 8.3 Dodging


You had 7 spell levels left.
You didn't know any spells.
Your spell library contained the following spells:

 Spells                   Type           Power        Failure   Level  Hunger
 Lee's Rapid Deconstruct  Erth           #.........   100%        5    ######.
 Sting                    Conj/Pois      Unusable     N/A         1    N/A
 Ignite Poison            Fire/Tmut/Pois Unusable     N/A         3    N/A
 Mephitic Cloud           Conj/Pois/Air  Unusable     N/A         3    N/A
 Spider Form              Tmut/Pois      Unusable     N/A         3    N/A
 Olgreb's Toxic Radiance  Pois           Unusable     N/A         4    N/A

Dungeon Overview and Level Annotations

Branches:
Dungeon (1/1)

Altars:
Ashenzari
Cheibriados
Dithmenos
Elyvilon
Fedhas
Gozag
Hepliaklqana
Kikubaaqudgha
Lugonu
Makhleb
Nemelex Xobeh
Okawaru
Qazlal
Ru
Sif Muna
Trog
Uskayaw
Vehumet
Wu Jian
Xom
Yredelemnul
Zin
The Shining One
Beogh
Jiyva

Annotations:
D 1 transporter


Innate Abilities, Weirdness & Mutations

You are mostly covered in icy blue scales. (AC +3)
You regenerate health from kills.
You sometimes gain a little power by taking damage.
You cannot study or cast Hexes magic.
You cannot study or cast Poison magic.
You cannot study or cast Summoning magic.


Message History

The scorpion stings you.
* * * LOW HITPOINT WARNING * * *
The jumping spider barely misses you. The jumping spider bites you.
* * * LOW HITPOINT WARNING * * *
The scorpion barely misses you. The tarantella bites you.
* * * LOW HITPOINT WARNING * * *
You are more confused.
Your gold dragon scales prevents you from hitting the scorpion.
The jumping spider leaps!
The tarantella bites you but does no damage.
The scorpion stings you but does no damage. x2
You hit the scorpion.
The scorpion is moderately wounded.
The tarantella barely misses you. The scorpion barely misses you. x2
The jumping spider leaps!
No path to travel!
You slash the scorpion!
You kill the scorpion!
The tarantella bites you!
You die...

▓.....▓.....▓..©..▓
▓..©..▓..©..▓▓▓▓▓▓▓
▓▓▓▓▓▓▓▓▓▓▓▓▓▓▓▓▓▓▓
▓..8©8...▓..8©8...▓
▓...|....▓..[)=...▓
▓...|....▓..|.:...▓
▓........▓.....s..▓
▓........▓.ss°°...▓
▓.▓....▓.▓.▓@...▓.▓
▓...©....▓.†.©....▓
▓▓▓▓▓▓▓▓▓▓▓▓▓▓▓▓▓▓▓


You could see a jumping spider, a tarantella and a scorpion.

Vanquished Creatures
  A thrashing horror (D)
  A guardian mummy (D)
  A tarantella (D)
  2 porcupines (D)
  A bullfrog (D)
  A scorpion (D)
  A crimson imp (D)
  An iguana (D)
  2 mummies (D)
  A shadow imp (D)
  A white imp (D)
  A jackal (D)
  A jackal zombie (D)
15 creatures vanquished.

Notes
Turn   | Place    | Note
-------+----------+-------------------------------------------
     0 | D        | Freyura the Demonspawn Gladiator began the quest for the
                  | Orb.
     0 | D        | Reached XP level 1. HP: 16/16 MP: 1/1
     0 | D        | Found a shimmering blue altar of Sif Muna.
     0 | D        | Found a bloodstained altar of Trog.
     0 | D        | Found a sacrificial altar of Ru.
     0 | D        | Found a stormy altar of Qazlal.
     0 | D        | Found an iron altar of Okawaru.
     1 | D        | Found a sparkling altar of Nemelex Xobeh.
     1 | D        | Found a blossoming altar of Fedhas.
     2 | D        | Found the +6 Majin-Bo {vamp, *Drain Str+12 Int+24}
     2 | D        | Found the +7 great mace "Firestarter" {inner flame, rF++}
     3 | D        | Found a transporter.
     3 | D        | Found an ancient bone altar of Kikubaaqudgha.
     3 | D        | Found a viscous altar of Jiyva.
     3 | D        | Found a corrupted altar of Lugonu.
     3 | D        | Found a hazy altar of Hepliaklqana.
     3 | D        | Found a burning altar of Makhleb.
     3 | D        | Found an opulent altar of Gozag.
    77 | D        | Became a worshipper of Ru the Awakened
    91 | D        | Reached skill level 5 in Staves
    91 | D        | Gained mutation: You sometimes gain a little power by
                  | taking damage. [demonic ancestry]
    91 | D        | Reached XP level 2. HP: 25/25 MP: 2/2
    93 | D        | Entered arena 2.
    93 | D        | Noticed a porcupine
    93 | D        | Found a transporter.
    96 | D        | Killed a porcupine
    96 | D        | Reached skill level 5 in Fighting
    96 | D        | Reached skill level 6 in Staves
    96 | D        | Reached skill level 5 in Dodging
    96 | D        | Reached XP level 3. HP: 30/33 MP: 3/3
    96 | D        | Gained mutation: You are partially covered in icy blue
                  | scales. (AC +2) [demonic ancestry]
    96 | D        | Reached XP level 4. HP: 36/39 MP: 4/4
   102 | D        | Got the cursed ring of Cooruk {+Blink rPois Str-4 Int-2}
   109 | D        | Entered arena 3.
   109 | D        | Noticed a porcupine
   109 | D        | Noticed a bullfrog
   109 | D        | Found a transporter.
   112 | D        | Killed a bullfrog
   112 | D        | Reached skill level 7 in Staves
   112 | D        | Gained mutation: You regenerate a little health from kills.
                  | [demonic ancestry]
   112 | D        | Reached XP level 5. HP: 33/45 MP: 5/5
   119 | D        | Killed a porcupine
   119 | D        | Reached skill level 8 in Staves
   119 | D        | Reached skill level 5 in Armour
   119 | D        | Gained mutation: You are mostly covered in icy blue scales.
                  | (AC +3) [demonic ancestry]
   119 | D        | Reached XP level 6. HP: 26/52 MP: 6/6
   121 | D        | Gained mutation: You cannot study or cast Poison magic. [Ru
                  | sacrifice]
   121 | D        | Gained mutation: You cannot study or cast Hexes magic. [Ru
                  | sacrifice]
   121 | D        | Gained mutation: You cannot study or cast Summoning magic.
                  | [Ru sacrifice]
   121 | D        | Reached * piety under Ru
   198 | D        | Entered arena 4.
   198 | D        | Noticed a thrashing horror
   198 | D        | Found a transporter.
   208 | D        | Killed a thrashing horror
   208 | D        | Reached skill level 10 in Staves
   208 | D        | Gained mutation: You regenerate health from kills. [demonic
                  | ancestry]
   208 | D        | Reached XP level 7. HP: 32/62 MP: 7/7
   220 | D        | Got the Guide on the Mountains and Envenoming
   264 | D        | Entered arena 5.
   264 | D        | Noticed a guardian mummy
   264 | D        | Found a transporter.
   265 | D        | Found the +3 warlock's mirror {reflect}
   270 | D        | Killed a guardian mummy
   270 | D        | Reached XP level 8. HP: 69/69 MP: 8/8
   285 | D        | Entered arena 6.
   285 | D        | Noticed a jumping spider
   285 | D        | Found a transporter.
   290 | D        | Reached skill level 11 in Staves
   308 | D        | Slain by a tarantella

Skill      XL: |  1  2  3  4  5  6  7  8 |
---------------+-------------------------+-----
Fighting       | 3 5 6 8 |  8.8
Staves         | 5 6 7 8 10 11 | 11.2
Armour         | 2 4 5 7 |  7.7
Dodging        | 4 5 6 7 8 |  8.3
Throwing       | |  1.7

Action                   |  1- 3 |  4- 6 |  7- 9 || total
-------------------------+-------+-------+-------++-------
Melee: Lajatang          |     3 |    16 |    23 ||    42
Invok: Sacrifice Arcana  |       |     1 |       ||     1
Evoke: Wand              |       |     2 |     3 ||     5
  Use: Potion            |     1 |       |       ||     1
Armor: Gold dragon scale |     2 |    29 |    33 ||    64
Dodge: Dodged            |     2 |     9 |    26 ||    37
